 Dungeon Crawl Stone Soup version 0.29-a0-841-g116ddc6ace (webtiles) character file.

Game seed: 16057478420414509603

22916 kevlar127 the Grappler (level 12, -1/128 HPs)
             Began as a Troll Berserker on July 14, 2022.
             Was a Priest of Trog.
             Slain by an entropy weaver simulacrum (18 damage)
             ... in an ice cave.
             The game lasted 00:47:15 (12775 turns).

kevlar127 the Grappler (Troll Berserker)           Turns: 12775, Time: 00:47:16

Health: -1/128     AC:  8    Str: 32    XL:     12   Next: 67%
Magic:  11/11      EV: 10    Int:  3    God:    Trog [***...]
Gold:   789        SH:  0    Dex:  9    Spells: 11/11 levels left

rFire   + . .      SeeInvis .     - Unarmed
rCold   . . .      Faith    .   (no shield)
rNeg    . . .      Spirit   .   O - +0 troll leather armour
rPois   .          Reflect  .   (helmet restricted)
rElec   .          Harm     .   k - +0 cloak
rCorr   .          Rampage  .   (gloves unavailable)
Will    +....                   (boots unavailable)
Stlth   +.........              g - amulet of regeneration
HPRegen 2.71/turn               A - ring of protection from fire
MPRegen 0.12/turn               T - ring of willpower

@: no status effects
A: large, unfitting armour, claws 3, regeneration 1, shaggy fur 1, tough skin 1
a: Renounce Religion, Berserk, Trog's Hand


You were in an ice cave.
You worshipped Trog.
Trog was most pleased with you.
You visited 3 branches of the dungeon, and saw 16 of its levels.
You also visited: Ice Cave.

You collected 789 gold pieces.

Inventory:

Missiles
 c - 132 stones
 j - 25 poisoned darts
 v - 6 silver javelins
 G - a boomerang (quivered)
 L - 2 large rocks
 N - 2 curare-tipped darts
Armour
 k - a +0 cloak (worn)
 O - a +0 troll leather armour (worn)
Jewellery
 a - a +6 ring of strength
 g - an amulet of regeneration (around neck)
 A - a ring of protection from fire (left claw)
 B - a ring of resist corrosion
 I - an amulet of the acrobat
 T - a ring of willpower (right claw)
Wands
 q - a wand of roots (10)
 D - a wand of paralysis (16)
 S - a wand of polymorph (5)
Scrolls
 b - 6 scrolls of identify
 d - a scroll of brand weapon {unknown}
 e - 3 scrolls of fear {unknown}
 l - 4 scrolls of blinking
 m - 2 scrolls of fog {unknown}
 n - 2 scrolls of poison {unknown}
 o - 5 scrolls of enchant weapon {unknown}
 p - 4 scrolls of amnesia
 r - 2 scrolls of noise {unknown}
 t - 4 scrolls of enchant armour {unknown}
 y - 3 scrolls of immolation {unknown}
 C - a scroll of magic mapping {unknown}
 H - a scroll of silence {unknown}
 M - a scroll of vulnerability {unknown}
 P - a scroll of torment {unknown}
Potions
 f - 4 potions of curing {unknown}
 h - a potion of flight {unknown}
 i - a potion of ambrosia {unknown}
 s - a potion of degeneration {unknown}
 u - 3 potions of might {unknown}
 w - a potion of brilliance {unknown}
 x - 3 potions of invisibility {unknown}
 z - 5 potions of attraction {unknown}
 E - 4 potions of heal wounds {unknown}
 F - 4 potions of haste {unknown}
 J - 2 potions of berserk rage {unknown}
 K - a potion of cancellation {unknown}
 Q - a potion of experience {unknown}
 R - a potion of resistance {unknown}


   Skills:
 + Level 10.7 Fighting
 + Level 9.1 Throwing
 - Level 5.0 Armour
 - Level 5.0 Dodging
 + Level 12.7 Unarmed Combat


You had 11 spell levels left.
You didn't know any spells.
Your spell library was empty.

Dungeon Overview and Level Annotations

Branches:
Dungeon (11/15)            Temple (1/1) D:4            Lair (4/6) D:8
 Spider (0/4) Lair:2          Orc (0/2) D:9           IceCv (1/1)
  Swamp: Lair:2-4    Shoals: Lair:2-4

Altars:
Ashenzari
Cheibriados
Dithmenos
Elyvilon
Fedhas
Gozag
Hepliaklqana
Kikubaaqudgha
Makhleb
Nemelex Xobeh
Okawaru
Qazlal
Ru
Sif Muna
Trog
Uskayaw
Vehumet
Wu Jian
Xom
Yredelemnul
Zin
The Shining One

Shops:
D:1 (

Annotations:
D:6 3 runed translucent doors, Phlounder's ghost, novice DjFE


Innate Abilities, Weirdness & Mutations

You are too large for most types of armour.
You have claws for hands.
Your natural rate of healing is unusually fast.
You are covered in fur. (AC +1)
You have tough skin. (AC +1)


Message History

The anaconda simulacrum barely misses you.
The anaconda simulacrum constricts you.
Unknown command.
You mangle the anaconda simulacrum!!
The anaconda simulacrum vaporises!
Trog accepts your kill.
Really walk into that cloud of freezing vapour?
Okay, then.
You start resting.
You feel a strong urge to attack something.
You start resting.
You feel your anger nearly subside.
You are no longer berserk.
You are exhausted.
You feel yourself slow down.
You start resting.
HP restored.
You start waiting.
You feel yourself speed up.
You start waiting.
You recover from your berserk rage.
You open the door.
An entropy weaver simulacrum comes into view.
You mangle the entropy weaver simulacrum!!
The entropy weaver simulacrum is heavily damaged.
The entropy weaver simulacrum hits you but does no damage.
The entropy weaver simulacrum hits you.
The entropy weaver simulacrum freezes you!!
The entropy weaver simulacrum barely misses you.
The entropy weaver simulacrum misses you.
You closely miss the entropy weaver simulacrum.
The entropy weaver simulacrum is heavily damaged.
The entropy weaver simulacrum hits you!
The entropy weaver simulacrum freezes you!!!
The entropy weaver simulacrum hits you.
The entropy weaver simulacrum freezes you!!
* * * LOW HITPOINT WARNING * * *
The entropy weaver simulacrum hits you.
* * * LOW HITPOINT WARNING * * *
The entropy weaver simulacrum freezes you!!
You die...

.#### #.#.#.#.#.#.## .#.⌠#
###'#'#.#'#'#.8###### .#4$+
#.'.........#.......#
.########.8.8.8.8.#.#####.#
...#..............#.#
...'..............'.#
...#..............#.#
.########.8.8.8.8.#.# .#
#.'.......@.#.. .#.
###'#'#.#'#Z#.8# .##
#.#.#.#.#.#.## ..
#####'#####.# ## ... .# #
###


You could see an entropy weaver simulacrum.

Vanquished Creatures
  A hydra (Lair:3)
  A boulder beetle (D:11)
  2 two-headed ogres (D:10)
  Nergalle (D:10)
  An oklob plant (Lair:1)
  An ugly thing (D:11)
  A black mamba (Lair:4)
  The ghost of peter4 the Chopper, a novice MiGl (D:4)
  2 ice statues (IceCv)
  2 gargoyles
  Maggie (Lair:1)
  4 cane toads
  2 rime drakes (Lair:1)
  2 komodo dragons
  6 ice devils
  4 anaconda simulacra (IceCv)
  2 entropy weaver simulacra (IceCv)
  2 trolls
  Grinder (D:3)
  A blink frog (shapeshifter) (D:7)
  A jumping spider (Lair:2)
  27 yaks
  A wyvern (D:9)
  A dire elephant simulacrum (IceCv)
  A vampire (D:11)
  A death yak simulacrum (IceCv)
  A steam dragon (D:7)
  2 harpy simulacra (IceCv)
  An acid dragon (D:10)
  4 water moccasins
  2 ice beasts
  3 orc warriors
  A sky beast (D:7)
  4 wolves (Lair:3)
  4 black bears
  4 ogres
  2 phantoms (D:5)
  3 centaurs
  4 kobold brigands
  Blork the orc (D:4)
  18 bullfrogs
  2 necrophages
  A cane toad simulacrum (IceCv)
  3 scorpions
  10 wights
  6 killer bees (D:9)
  A water moccasin skeleton (D:4)
  2 howler monkeys
  4 electric eels (Lair:3)
  A jelly (D:8)
  5 orc priests
  4 hounds
  A gnoll bouda (D:8)
  5 iguanas
  8 orc wizards
  A polar bear simulacrum (IceCv)
  10 gnolls
  A howler monkey skeleton (D:4)
  4 adders
  A naga simulacrum (IceCv)
  A river rat (D:10)
  4 white imps
  An ufetubus (D:5)
  2 worms
  3 dart slugs
  42 orcs
  9 bats
  9 endoplasms
  4 giant cockroaches
  7 goblins
  5 hobgoblins
  4 quokkas
  6 ball pythons
  A frilled lizard (D:1)
  19 kobolds
  4 rats
315 creatures vanquished.

Vanquished Creatures (others)
  An orc (D:11)
  A fungus (Lair:1)
  23 plants
25 creatures vanquished.

Grand Total: 340 creatures vanquished

Notes
Turn   | Place    | Note
-------+----------+-------------------------------------------
     0 | D:1      | kevlar127 the Troll Berserker began the quest for the Orb.
     0 | D:1      | Reached XP level 1. HP: 22/22 MP: 0/0
    60 | D:1      | Reached XP level 2. HP: 25/29 MP: 1/1
   113 | D:1      | Found Qenist's Antique Weapon Shop.
   138 | D:1      | Found a faded altar of an unknown god.
   228 | D:1      | Reached XP level 3. HP: 36/36 MP: 2/2
   715 | D:2      | Reached ** piety under Trog
  1177 | D:2      | Identified the +7 trident of Cigiah {freeze, *Corrode Int+4
                  | SInv}
  1525 | D:3      | Identified the +6 short sword of Amorality {antimagic,
                  | *Corrode rPois Dex+3}
  1570 | D:3      | Noticed Grinder
  1591 | D:3      | Paralysed by Grinder for 3 turns
  1598 | D:3      | Killed Grinder
  1599 | D:3      | Reached skill level 4 in Unarmed Combat
  1599 | D:3      | Reached XP level 4. HP: 48/48 MP: 3/3
  1599 | D:3      | Reached XP level 5. HP: 54/54 MP: 4/4
  1733 | D:3      | Reached XP level 6. HP: 52/62 MP: 5/5
  2199 | D:4      | Reached skill level 5 in Unarmed Combat
  2657 | D:4      | Noticed Blork the orc
  2666 | D:4      | Killed Blork the orc
  2698 | D:4      | Found a hide-covered altar of Uskayaw.
  2790 | D:4      | Reached *** piety under Trog
  2817 | D:4      | Found a staircase to the Ecumenical Temple.
  2852 | D:4      | Found a runed translucent gate.
  2852 | D:4      | Found a runed translucent gate.
  2856 | D:4      | Found a runed translucent gate.
  2858 | D:4      | Noticed peter4's ghost (novice MiGl)
  2889 | D:4      | Killed peter4's ghost
  2890 | D:4      | Reached XP level 7. HP: 33/71 MP: 6/6
  3071 | Temple   | Entered the Ecumenical Temple
  3212 | D:5      | Entered Level 5 of the Dungeon
  3223 | D:5      | Reached skill level 6 in Unarmed Combat
  3229 | D:5      | Reached skill level 5 in Fighting
  3229 | D:5      | Reached skill level 5 in Dodging
  3229 | D:5      | Reached XP level 8. HP: 71/80 MP: 7/7
  3383 | D:5      | Reached skill level 1 in Armour
  3710 | D:5      | Reached skill level 7 in Unarmed Combat
  4168 | D:6      | Found a bloodstained altar of Trog.
  4180 | D:6      | Noticed Phlounder's ghost (novice DjFE)
  4180 | D:6      | Noticed a komodo dragon
  4187 | D:6      | Found a runed translucent gate.
  4187 | D:6      | Found a runed translucent gate.
  4189 | D:6      | Found a runed translucent gate.
  4198 | D:6      | Reached skill level 1 in Throwing
  4305 | D:6      | Reached XP level 9. HP: 84/89 MP: 8/8
  4391 | D:6      | Reached **** piety under Trog
  4774 | D:7      | Reached skill level 8 in Unarmed Combat
  4918 | D:7      | Found a shimmering altar of Xom.
  4957 | D:7      | Identified the +2 bardiche "Wethrem" {vorpal, rElec rF+ rC+
                  | Str-2}
  5112 | D:7      | Noticed a gargoyle
  5119 | D:7      | Killed a gargoyle
  5488 | D:8      | Reached XP level 10. HP: 86/102 MP: 9/9
  5687 | D:8      | Found a staircase to the Lair.
  5852 | D:8      | Found a white marble altar of Elyvilon.
  6063 | D:8      | Found a glowing golden altar of the Shining One.
  6573 | D:9      | Found a staircase to the Orcish Mines.
  6627 | D:9      | Reached skill level 5 in Armour
  6737 | D:9      | Reached skill level 9 in Unarmed Combat
  6941 | D:9      | Reached skill level 5 in Throwing
  7232 | D:10     | Entered Level 10 of the Dungeon
  7234 | D:10     | Noticed a gargoyle
  7244 | D:10     | Killed a gargoyle
  7301 | D:10     | Noticed a two-headed ogre
  7316 | D:10     | Killed a two-headed ogre
  7414 | D:10     | Noticed a two-headed ogre
  7423 | D:10     | Killed a two-headed ogre
  7602 | D:10     | Reached skill level 10 in Unarmed Combat
  7609 | D:10     | Reached XP level 11. HP: 110/113 MP: 10/10
  7625 | D:10     | Found a hazy altar of Hepliaklqana.
  7746 | D:10     | Reached ***** piety under Trog
  7792 | D:10     | Noticed Nergalle
  7918 | D:10     | Killed Nergalle
  8064 | D:10     | Found a shadowy altar of Dithmenos.
  8407 | D:11     | Noticed a boulder beetle
  8412 | D:11     | Killed a boulder beetle
  8582 | D:11     | Reached skill level 11 in Unarmed Combat
  8829 | D:11     | Noticed an eight-headed hydra
  9055 | D:11     | Noticed a purple ugly thing
  9065 | D:11     | Killed a purple ugly thing
  9112 | D:10     | Found a shimmering blue altar of Sif Muna.
  9239 | Lair:1   | Entered Level 1 of the Lair of Beasts
  9426 | Lair:1   | Noticed an oklob plant
  9437 | Lair:1   | Killed an oklob plant
  9438 | Lair:1   | Found a glowing silver altar of Zin.
  9661 | Lair:1   | Reached XP level 12. HP: 88/126 MP: 11/11
  9727 | Lair:1   | Noticed Maggie
  9732 | Lair:1   | Killed Maggie
 10387 | Lair:2   | Reached skill level 10 in Fighting
 10700 | Lair:2   | Found a hole to the Spider Nest.
 10716 | Lair:2   | You fall into a shaft and drop 2 floors!
 11021 | Lair:3   | Reached skill level 12 in Unarmed Combat
 11052 | Lair:3   | Noticed a five-headed hydra
 11067 | Lair:3   | Killed a 12-headed hydra
 11159 | Lair:3   | Found a frozen archway.
 11253 | IceCv    | Entered an ice cave
 12775 | IceCv    | Slain by an entropy weaver simulacrum

Illustrated notes

Levels and vault maps discovered:
D:1:      minmay_arrival_shattered_statue, layout_rooms, serial_shops,
          nicolae_diamond_shop, basic_ecumenical_altar,
          ebering_dispersal_statue_hall
D:2:      layout_basic
D:3:      layout_loops_ring, chequers_serial_rivers_micro_c, minmay_surrounded,
          uniq_grinder
D:4:      layout_basic, nicolae_overflow_crystal_walls,
          minmay_temple_entry_hall, gammafunk_ghost_necromancy,
          kennysheep_generic_room_15, uniq_blork_the_orc
D:5:      layout_loops_ring, st_stairs_10
D:6:      layout_layer_cave, lemuel_doored_altar, gammafunk_ghost_split
D:7:      nzn_winding_woodlands_three_and_one
          [nzn_winding_woodlands_5x15_longhouse,
          nzn_winding_woodlands_5x15_default,
          nzn_winding_woodlands_5x15_crooked,
          nzn_winding_woodlands_center_diamonds], layout_basic,
          overflow_temple_1_default, minmay_checkerbox
D:8:      layout_loops_ring, tso_oasis_becter, mainiacjoe_overflow_chevrons,
          david_lair_shrubbed
D:9:      layout_basic, orc_0_dummy
D:10:     layout_stronghold, nicolae_dithmenos_the_darkroom,
          mainiacjoe_overflow_six_doors_small, nicolae_overflow_hidden_temple,
          pond, uniq_nergalle
D:11:     layout_roguey, lemuel_nasty_fountain
Temple:   compressed_dpeg_circular_temple
Lair:1:   layout_cave_pods, minmay_stone_trees_medium, lemuel_oklob_altar,
          infiniplex_staircase_pool_2, uniq_maggie
Lair:2:   layout_big_grid, spider_nest_entry_a, ebering_ghost_xom, basic_altar
Lair:3:   layout_cellular_growth, elwin_shoals_entry_rocks,
          portal_ice_cave_demonic_guard, serial_bayou_lagoon_b,
          infiniplex_staircase_pool
Lair:4:   layout_concentric_octagons
IceCv:    ice_cave_tombish

Skill      XL: |  1  2  3  4  5  6  7  8  9 10 11 12 |
---------------+-------------------------------------+-----
Dodging        | 3 4 5 |  5.0
Fighting       | 3 4 5 6 7 8 9 10 | 10.7
Unarmed Combat | 4 5 6 7 8 10 11 12 | 12.7
Armour         | 3 4 5 |  5.0
Throwing       | 1 3 6 8 9 |  9.1

Action                   |  1- 3 |  4- 6 |  7- 9 | 10-12 || total
-------------------------+-------+-------+-------+-------++-------
Melee: Unarmed           |    95 |   121 |   235 |   622 ||  1073
       Punch             |     2 |     4 |    11 |    51 ||    68
Throw: Boomerang         |       |       |       |   122 ||   122
       Stone             |       |       |       |    19 ||    19
       Dart              |       |       |       |     9 ||     9
       Large rock        |       |       |       |     4 ||     4
       Javelin           |       |       |       |     4 ||     4
Invok: Trog's Hand       |       |     1 |     1 |    13 ||    15
       Berserk           |       |       |     1 |    10 ||    11
       Brothers in Arms  |       |       |       |     1 ||     1
  Use: Scroll            |       |       |       |     6 ||     6
 Stab: Distracted        |       |       |     1 |       ||     1
Armor: Animal skin       |    43 |    30 |    58 |    18 ||   149
       Troll leather arm |       |       |       |   130 ||   130
Dodge: Dodged            |    72 |    61 |   102 |   252 ||   487

Table legend: (Time is in decaauts)
 A = Elapsed time spent in this place.
 B = Non-inter-level travel time spent in this place.
 C = Inter-level travel time spent in this place.
 D = Time resting spent in this place.
 E = Time spent auto-exploring this place.
 F = Levels seen in this place.
 G = Mean time per level.
                   A        B        C        D        E       F      G
               +--------+--------+--------+--------+--------+-----+--------+
         Total |  12726 |  12085 |    641 |   2921 |   6831 |  17 |  748.6 |
       Dungeon |   9176 |   8594 |    582 |   1205 |   5596 |  11 |  834.2 |
        Temple |     79 |     71 |      8 |      0 |     59 |   1 |   79.0 |
          Lair |   1917 |   1866 |     51 |    529 |   1059 |   4 |  479.2 |
      Ice Cave |   1553 |   1553 |      0 |   1186 |    117 |   1 | 1553.0 |
               +--------+--------+--------+--------+--------+-----+--------+

Top non-repeatable levels by time:
   IceCv: 1553 daAuts
     D:4: 1182 daAuts
    D:10: 1169 daAuts
     D:8: 951 daAuts
     D:9: 927 daAuts
     D:2: 919 daAuts
  Lair:1: 901 daAuts
     D:5: 879 daAuts
     D:7: 854 daAuts
    D:11: 773 daAuts
     D:3: 541 daAuts
     D:6: 498 daAuts
     D:1: 480 daAuts
  Lair:2: 472 daAuts
  Lair:3: 357 daAuts
